| TOP OF THE 1ST |
|
Greeneville Astros batting - Pitching for Orem Owlz : RHP Eric Johnson
|
|
Pitching: RHP Eric Johnson
|
|
|
Batting: RHB Jason Monico
|
0-0: Ball 1-0: Bunted foul 1-1: Called Strike 1-2: Strikes out swinging
|
|
Batting: RHB Bruce Bermudez
|
0-0: Swinging Strike 0-1: Hit by Pitch
|
|
Batting: RHB Ramon Castellon
|
0-0: Called Strike 0-1: Called Strike Bruce Bermudez steals 2nd base 0-2: Ball 1-2: Foul Ball, location: 2F 1-2: Ball 2-2: Strikes out swinging
|
|
Batting: RHB Ryan Salas
|
0-0: Ball 1-0: Called Strike 1-1: Foul Ball, location: 2F 1-2: Strikes out swinging
|
| Top of the 1st over - 0 runs, 0 hits, 0 errors, 1 left on base; Greeneville 0 - Orem 0 |
| BOTTOM OF THE 1ST |
|
Orem Owlz batting - Pitching for Greeneville Astros : LHP Jimmy Edlin
|
|
Pitching: LHP Jimmy Edlin
|
|
|
Batting: SHB Butch Brown
|
0-0: Ball 1-0: Called Strike 1-1: Foul Ball, location: 2F 1-2: Foul Ball, location: 2F 1-2: Ball 2-2: Foul Ball, location: 2F 2-2: Foul Ball, location: 2F 2-2: Ball 3-2: Ground out 6-3 (Groundball, 6, EV 101.9 MPH)
|
|
Batting: LHB Justin Alexander
|
0-0: Swinging Strike 0-1: Ground out 4-3 (Groundball, 4, EV 97.5 MPH)
|
|
Batting: RHB Mike Alm
|
0-0: Ball 1-0: Ball 2-0: Ball 3-0: Base on Balls
|
|
Batting: SHB Roger Payne
|
0-0: Called Strike Mike Alm steals 2nd base 0-1: Ball 1-1: Ball 2-1: Swinging Strike 2-2: Strikes out swinging
|
| Bottom of the 1st over - 0 runs, 0 hits, 0 errors, 1 left on base; Greeneville 0 - Orem 0 |
| TOP OF THE 2ND |
|
Greeneville Astros batting - Pitching for Orem Owlz : RHP Eric Johnson
|
|
Batting: LHB Josh Birkner
|
0-0: Swinging Strike 0-1: Swinging Strike 0-2: Strikes out looking
|
|
Batting: RHB Jorge Gutierrez
|
0-0: Ball 1-0: Called Strike 1-1: Ball 2-1: Foul Ball, location: 2F 2-2: Ball 3-2: Strikes out looking
|
|
Batting: LHB Ruben Rojas
|
0-0: Ground out U3 (Groundball, 3L, EV 91.9 MPH)
|
| Top of the 2nd over - 0 runs, 0 hits, 0 errors, 0 left on base; Greeneville 0 - Orem 0 |
| BOTTOM OF THE 2ND |
|
Orem Owlz batting - Pitching for Greeneville Astros : LHP Jimmy Edlin
|
|
Batting: LHB Brett Bugge
|
0-0: Ball 1-0: Swinging Strike 1-1: Ground out 5-3 (Groundball, 5L, EV 86.3 MPH)
|
|
Batting: RHB Jose Ramirez
|
0-0: Called Strike 0-1: Ball 1-1: Ball 2-1: Ball 3-1: Base on Balls
|
|
Pitching: RHP James Browning
|
|
|
Batting: RHB Kinya Nishimura
|
0-0: Ball Jose Ramirez steals 2nd, throwing error, E2 Jose Ramirez to third 1-0: Ball 2-0: Ball 3-0: Base on Balls
|
|
Batting: RHB Tristan Lewis
|
0-0: Called Strike 0-1: Ball 1-1: Called Strike 1-2: Foul Ball, location: 2F 1-2: Strikes out swinging
|
|
Batting: RHB Malachi Ephron
|
0-0: Ball 1-0: Fielders Choice at 2nd, 6-4 (Groundball, 6, EV 99.4 MPH)
|
| Bottom of the 2nd over - 0 runs, 0 hits, 1 error, 2 left on base; Greeneville 0 - Orem 0 |
| TOP OF THE 3RD |
|
Greeneville Astros batting - Pitching for Orem Owlz : RHP Eric Johnson
|
|
Batting: LHB Kyle Moore
|
0-0: Ball 1-0: Foul Ball, location: 2F 1-1: Swinging Strike 1-2: Strikes out looking
|
|
Batting: RHB Guo-ning Chen
|
0-0: Ball 1-0: Ball 2-0: Foul Ball, location: 2F 2-1: Ground out 4-3 (Groundball, 4S, EV 65.0 MPH)
|
|
Batting: RHB Jason Monico
|
0-0: Foul Ball, location: 2F 0-1: Called Strike 0-2: Ball 1-2: Foul Ball, location: 2F 1-2: Ball 2-2: Ball 3-2: Foul Ball, location: 2F 3-2: Strikes out swinging
|
| Top of the 3rd over - 0 runs, 0 hits, 0 errors, 0 left on base; Greeneville 0 - Orem 0 |
| BOTTOM OF THE 3RD |
|
Orem Owlz batting - Pitching for Greeneville Astros : RHP James Browning
|
|
Batting: SHB Butch Brown
|
0-0: Ball 1-0: Foul Ball, location: 2F 1-1: Swinging Strike 1-2: Ball 2-2: Foul Ball, location: 2F 2-2: Ball 3-2: Base on Balls
|
|
Batting: LHB Justin Alexander
|
0-0: Ball 1-0: Called Strike 1-1: Swinging Strike 1-2: Ball 2-2: Strikes out swinging
|
|
Batting: RHB Mike Alm
|
0-0: Ball 1-0: Called Strike 1-1: Ball 2-1: Foul Ball, location: 2F 2-2: Ball 3-2: Base on Balls Butch Brown to second
|
|
Batting: SHB Roger Payne
|
0-0: Foul Ball, location: 2F 0-1: Grounds into double play, 4-6-3 (Groundball, 4, EV 101.9 MPH)
|
| Bottom of the 3rd over - 0 runs, 0 hits, 0 errors, 1 left on base; Greeneville 0 - Orem 0 |
| TOP OF THE 4TH |
|
Greeneville Astros batting - Pitching for Orem Owlz : RHP Eric Johnson
|
|
Batting: RHB Bruce Bermudez
|
0-0: Called Strike 0-1: Called Strike 0-2: Strikes out looking
|
|
Batting: RHB Ramon Castellon
|
0-0: Ball 1-0: Ball 2-0: SINGLE (Groundball, 4M, EV 103.1 MPH)
|
|
Batting: RHB Ryan Salas
|
0-0: Called Strike 0-1: Fielders Choice at 2nd, 4-6 (Groundball, 4, EV 87.5 MPH)
|
|
Batting: LHB Josh Birkner
|
0-0: Ball 1-0: Ball 2-0: Called Strike 2-1: Ball 3-1: Fly out, F4 (Popup, 3DF, EV 70.6 MPH)
|
| Top of the 4th over - 0 runs, 1 hit, 0 errors, 1 left on base; Greeneville 0 - Orem 0 |
| BOTTOM OF THE 4TH |
|
Orem Owlz batting - Pitching for Greeneville Astros : RHP James Browning
|
|
Batting: LHB Brett Bugge
|
0-0: Ball 1-0: Called Strike 1-1: Ball 2-1: Ball 3-1: Base on Balls
|
|
Batting: RHB Jose Ramirez
|
0-0: Called Strike 0-1: Called Strike 0-2: Ball 1-2: Ball 2-2: SINGLE (Flyball, 8RS, EV 88.8 MPH) Brett Bugge to second
|
|
Batting: RHB Kinya Nishimura
|
0-0: Called Strike 0-1: Ball 1-1: Ball 2-1: Fielders Choice at 2nd, 4-6 (Groundball, 4, EV 96.9 MPH) Brett Bugge to third
|
|
Batting: RHB Tristan Lewis
|
0-0: Ball 1-0: Ball 2-0: Ball 3-0: Called Strike 3-1: Base on Balls Kinya Nishimura to second
|
|
Batting: RHB Malachi Ephron
|
0-0: Ball 1-0: Called Strike 1-1: Ball 2-1: Ball 3-1: Foul Ball, location: 2F 3-2: Base on Balls Brett Bugge scores Kinya Nishimura to third Tristan Lewis to second
|
|
Batting: SHB Butch Brown
|
0-0: Called Strike 0-1: Ball 1-1: Ball 2-1: Ball 3-1: Base on Balls Kinya Nishimura scores Tristan Lewis to third Malachi Ephron to second
|
|
Pitching: RHP Calisto Morda
|
|
|
Batting: LHB Justin Alexander
|
0-0: Ball 1-0: Ball 2-0: Ball Wild Pitch! Tristan Lewis scores Malachi Ephron to third Butch Brown to second 3-0: Called Strike 3-1: Foul Ball, location: 2F 3-2: Foul Ball, location: 2F 3-2: Strikes out swinging passed ball, reaches first! Malachi Ephron scores Butch Brown to third
|
|
Batting: RHB Mike Alm
|
0-0: Called Strike Justin Alexander steals 2nd base 0-1: Fly out, F3 (Flyball, 3D, EV 87.5 MPH)
|
|
Batting: SHB Roger Payne
|
0-0: Ball 1-0: DOUBLE (Groundball, 3L, EV 100.6 MPH) Butch Brown scores Justin Alexander scores
|
|
Batting: LHB Brett Bugge
|
0-0: Ball 1-0: Ball 2-0: Fly out, F1 (Line Drive, P, EV 67.5 MPH)
|
| Bottom of the 4th over - 6 runs, 2 hits, 0 errors, 1 left on base; Greeneville 0 - Orem 6 |
| TOP OF THE 5TH |
|
Greeneville Astros batting - Pitching for Orem Owlz : RHP Eric Johnson
|
|
Batting: RHB Jorge Gutierrez
|
0-0: Ball 1-0: Called Strike 1-1: Swinging Strike 1-2: Strikes out swinging
|
|
Batting: LHB Ruben Rojas
|
0-0: Foul Ball, location: 2F 0-1: Called Strike 0-2: Ball 1-2: Strikes out swinging
|
|
Batting: LHB Kyle Moore
|
0-0: Ball 1-0: SINGLE (Groundball, 34D, EV 102.5 MPH)
|
|
Batting: RHB Guo-ning Chen
|
0-0: Called Strike 0-1: Foul Ball, location: 2F 0-2: Strikes out swinging
|
| Top of the 5th over - 0 runs, 1 hit, 0 errors, 1 left on base; Greeneville 0 - Orem 6 |
| BOTTOM OF THE 5TH |
|
Orem Owlz batting - Pitching for Greeneville Astros : RHP Calisto Morda
|
|
Batting: RHB Jose Ramirez
|
0-0: Called Strike 0-1: Ball 1-1: Ball 2-1: Ground out 4-3 (Groundball, 4, EV 91.9 MPH)
|
|
Batting: RHB Kinya Nishimura
|
0-0: Called Strike 0-1: Ground out 6-3 (Groundball, 56, EV 101.9 MPH)
|
|
Batting: RHB Tristan Lewis
|
0-0: Ball 1-0: Ball 2-0: Fly out, F7 (Flyball, 7, EV 81.9 MPH)
|
| Bottom of the 5th over - 0 runs, 0 hits, 0 errors, 0 left on base; Greeneville 0 - Orem 6 |
| TOP OF THE 6TH |
|
Greeneville Astros batting - Pitching for Orem Owlz : RHP Eric Johnson
|
|
Batting: RHB Jason Monico
|
0-0: Fly out, F6 (Line Drive, 6, EV 66.9 MPH)
|
|
Batting: RHB Bruce Bermudez
|
0-0: Swinging Strike 0-1: Ball 1-1: Fly out, F8 (Line Drive, 8LM, EV 100.0 MPH)
|
|
Batting: RHB Ramon Castellon
|
0-0: Ball 1-0: Swinging Strike 1-1: Foul Ball, location: 2F 1-2: Foul Ball, location: 2F 1-2: Strikes out swinging
|
| Top of the 6th over - 0 runs, 0 hits, 0 errors, 0 left on base; Greeneville 0 - Orem 6 |
| BOTTOM OF THE 6TH |
|
Orem Owlz batting - Pitching for Greeneville Astros : RHP Calisto Morda
|
|
Batting: RHB Malachi Ephron
|
0-0: Ball 1-0: Ball 2-0: Ball 3-0: Called Strike 3-1: Foul Ball, location: 2F 3-2: DOUBLE (Line Drive, 9LM, EV 106.9 MPH)
|
|
Batting: SHB Butch Brown
|
0-0: DOUBLE (Flyball, 78D, EV 107.5 MPH) Malachi Ephron scores
|
|
Batting: LHB Justin Alexander
|
0-0: 2-RUN HOME RUN (Flyball, 89XD, EV 107.5 MPH), Distance : 422 ft
|
|
Batting: RHB Mike Alm
|
0-0: Called Strike 0-1: Ball 1-1: Ball 2-1: Foul Ball, location: 2F 2-2: Foul Ball, location: 2F 2-2: SINGLE (Line Drive, 78S, EV 92.5 MPH)
|
|
Batting: SHB Roger Payne
|
0-0: Called Strike 0-1: Ball 1-1: Fielders Choice at 2nd, 5-4 (Groundball, 56, EV 97.5 MPH)
|
|
Batting: LHB Brett Bugge
|
0-0: Ball 1-0: Foul Ball, location: 2F 1-1: SINGLE (Groundball, 34D, EV 97.5 MPH) Roger Payne to second
|
|
Batting: RHB Jose Ramirez
|
0-0: Ball 1-0: Ball 2-0: SINGLE (Line Drive, 8RS, EV 105.6 MPH) Roger Payne to third Brett Bugge to second
|
|
Batting: RHB Kinya Nishimura
|
0-0: Called Strike 0-1: SINGLE (Groundball, 4MD, EV 97.5 MPH) Roger Payne scores Brett Bugge to third Jose Ramirez to second
|
|
Pitching: RHP Josh Willig
|
|
|
Batting: RHB Tristan Lewis
|
0-0: Ball 1-0: Called Strike 1-1: Fly out, F5 (Flyball, 5D, EV 95.6 MPH)
|
|
Batting: RHB Malachi Ephron
|
0-0: Ball 1-0: Ball 2-0: Called Strike 2-1: Ball 3-1: Base on Balls Brett Bugge scores Jose Ramirez to third Kinya Nishimura to second
|
|
Batting: SHB Butch Brown
|
0-0: Ball 1-0: Fly out, F8 (Line Drive, 8LM, EV 90.0 MPH)
|
| Bottom of the 6th over - 5 runs, 7 hits, 0 errors, 3 left on base; Greeneville 0 - Orem 11 |
| TOP OF THE 7TH |
|
Greeneville Astros batting - Pitching for Orem Owlz : RHP Eric Johnson
|
|
Batting: RHB Ryan Salas
|
0-0: Called Strike 0-1: Fly out, F8 (Flyball, 89D, EV 93.1 MPH)
|
|
Batting: LHB Josh Birkner
|
0-0: Foul Ball, location: 2F 0-1: Called Strike 0-2: Ball 1-2: Ball 2-2: Ball 3-2: Base on Balls
|
|
Batting: RHB Jorge Gutierrez
|
0-0: Ball 1-0: Ball 2-0: Foul Ball, location: 2F 2-1: Foul Ball, location: 2F 2-2: Strikes out swinging
|
|
Batting: LHB Ruben Rojas
|
0-0: Swinging Strike 0-1: Called Strike 0-2: Strikes out swinging
|
| Top of the 7th over - 0 runs, 0 hits, 0 errors, 1 left on base; Greeneville 0 - Orem 11 |
| BOTTOM OF THE 7TH |
|
Orem Owlz batting - Pitching for Greeneville Astros : RHP Josh Willig
|
|
Batting: LHB Justin Alexander
|
0-0: Ball 1-0: Ball 2-0: Foul Ball, location: 2F 2-1: Ball 3-1: Base on Balls
|
|
Batting: RHB Mike Alm
|
0-0: Called Strike 0-1: Foul Ball, location: 2F 0-2: Ball 1-2: Fly out, F9 (Flyball, 9LS, EV 85.6 MPH)
|
|
Pitching: RHP Jaquan Alston
|
|
|
Batting: SHB Roger Payne
|
0-0: Ball 1-0: Called Strike 1-1: Ball 2-1: Fly out, F3 (Line Drive, 3, EV 69.4 MPH) Lined into DP, U3 (Line Drive, 3, EV 71.9 MPH)
|
| Bottom of the 7th over - 0 runs, 0 hits, 0 errors, 0 left on base; Greeneville 0 - Orem 11 |
| TOP OF THE 8TH |
|
Greeneville Astros batting - Pitching for Orem Owlz : RHP Eric Johnson
|
|
Batting: LHB Kyle Moore
|
0-0: Called Strike 0-1: Ball 1-1: Swinging Strike 1-2: Ball 2-2: Strikes out looking
|
|
Batting: RHB Guo-ning Chen
|
0-0: Called Strike 0-1: Ball 1-1: Foul Ball, location: 2F 1-2: Ball 2-2: Strikes out swinging
|
|
Batting: RHB Jason Monico
|
0-0: Ball 1-0: Ground out 5-3 (Groundball, 56S, EV 88.8 MPH)
|
| Top of the 8th over - 0 runs, 0 hits, 0 errors, 0 left on base; Greeneville 0 - Orem 11 |
| BOTTOM OF THE 8TH |
|
Orem Owlz batting - Pitching for Greeneville Astros : RHP Jaquan Alston
|
|
Batting: LHB Brett Bugge
|
0-0: Ball 1-0: Ball 2-0: Ground out 6-3 (Groundball, 6, EV 103.8 MPH)
|
|
Pinch Hitting: SHB Winikeneke Keikemamake
|
0-0: Foul Ball, location: 2F 0-1: Ground out 3-1 (Groundball, 34, EV 85.0 MPH)
|
|
Batting: RHB Kinya Nishimura
|
0-0: Called Strike 0-1: Ball 1-1: DOUBLE (Flyball, 89D, EV 97.5 MPH)
|
|
Batting: RHB Tristan Lewis
|
0-0: Called Strike 0-1: Ball 1-1: Foul Ball, location: 2F 1-2: Ball 2-2: Fly out, F8 (Flyball, 8RM, EV 90.6 MPH)
|
| Bottom of the 8th over - 0 runs, 1 hit, 0 errors, 1 left on base; Greeneville 0 - Orem 11 |
| TOP OF THE 9TH |
|
Greeneville Astros batting - Pitching for Orem Owlz : RHP Eric Johnson
|
|
Pitching: RHP Danny Nava
|
|
|
Now at 2B: Winikeneke Keikemamake
|
|
|
Now at SS: Tristan Lewis
|
|
|
Batting: RHB Bruce Bermudez
|
0-0: Foul Ball, location: 2F 0-1: Swinging Strike 0-2: Strikes out swinging
|
|
Batting: RHB Ramon Castellon
|
0-0: Ball 1-0: Ball 2-0: Called Strike 2-1: Foul Ball, location: 2F 2-2: Foul Ball, location: 2F 2-2: Strikes out swinging
|
|
Batting: RHB Ryan Salas
|
0-0: Called Strike 0-1: Ball 1-1: Foul Ball, location: 2F 1-2: Foul Ball, location: 2F 1-2: Ball 2-2: Ball 3-2: Foul Ball, location: 2F 3-2: Strikes out swinging
|
| Top of the 9th over - 0 runs, 0 hits, 0 errors, 0 left on base; Greeneville 0 - Orem 11 |
|